AoeStats
← aawwd

Fortress

510016683Analyzed
2v2 RM · 4d ago on Sep 29, 2026· 37m 34s· 4 players
Game mode
Random Map
Map size
Normal (6 player)
Population
200
Speed
Normal
Resources
Standard
Victory
Conquest
Starting age
Dark Age
Ending age
Imperial Age
RankedLock teamsTeams togetherTeam positionsShared explorationLock speedFull tech treeHidden civsTurbo modeCheats
Victory
Defeat
🇫🇮 Muisca · Finland
1589
+9
🇺🇸 Varangians · United States
1443
+15
🇲🇽 Hindustanis · Mexico
1418
-12
🇲🇽 Aztecs · Mexico
1418
-12
Torrijos_117
7:12 Feudal Age
11:55 Castle Age
11:58 Double-Bit Axe
11:54 Horse Collar
12:07 Gold Mining
14:08 Scale Mail Armor
14:12 Squires
15:50 Chain Mail Armor
16:21 Arson
18:21 Wheelbarrow
17:48 Heavy Plow
23:22 Imperial Age
23:19 Gold Shaft Mining
23:27 Bloodlines
23:19 Husbandry
25:21 Hand Cart
25:29 Conscription
25:45 Scale Barding Armor
25:51 Forging
25:49 Loom
25:52 Town Watch
29:02 Chemistry
28:04 Heavy Camel Rider
30:34 Chain Barding Armor
33:44 Plate Barding Armor
36:41 Padded Archer Armor
joseja.0550
6:29 Feudal Age
11:35 Castle Age
11:35 Wheelbarrow
10:47 Double-Bit Axe
10:44 Horse Collar
12:59 Bow Saw
24:19 Imperial Age
23:05 Hand Cart
23:17 Gambesons
23:33 Squires
23:18 Arson
22:55 Man-at-Arms
23:50 Forging
23:41 Scale Mail Armor
25:36 Iron Casting
25:33 Garland Wars
25:33 Conscription
25:08 Capped Ram
25:15 Long Swordsman
26:14 Two-Handed Swordsman
26:57 Champion
29:08 Chain Mail Armor
29:54 Blast Furnace
32:07 Siege Ram
34:20 Eagle Warrior
35:03 Elite Eagle Warrior
37:06 Plate Mail Armor
mundobear
8:41 Feudal Age
12:40 Castle Age
10:46 Double-Bit Axe
10:44 Horse Collar
13:28 Wheelbarrow
14:25 Heavy Plow
14:39 Bow Saw
15:56 Town Watch
15:57 Loom
19:58 Hand Cart
19:52 Gold Mining
24:58 Imperial Age
22:45 Scale Mail Armor
22:25 Champi Runner
23:05 Squires
23:17 Forging
23:13 Fletching
24:02 Chain Mail Armor
23:54 Herbalism
24:05 Champi Warrior
25:21 Iron Casting
25:08 Onager
25:30 Elite Champi Warrior
28:29 Plate Mail Armor
28:30 Siege Engineers
31:02 Bodkin Arrow
32:01 Siege Onager
33:15 Bracer
33:27 Masonry
35:22 Ballistics
36:03 Chemistry
34:44 Treadmill Crane
35:46 Conscription
37:32 Two-Man Saw
37:08 Gold Shaft Mining
aawwd
8:10 Feudal Age
12:22 Castle Age
10:11 Double-Bit Axe
10:09 Horse Collar
13:37 Bow Saw
14:07 Wheelbarrow
13:36 Heavy Plow
18:04 Fletching
20:11 Loom
29:50 Imperial Age
26:53 Light Cavalry
27:55 Scale Barding Armor
28:13 Forging
30:01 Hand Cart
31:07 Iron Casting
30:59 Pikeman
31:12 Elite Jarl
32:51 Scale Mail Armor
32:33 Halberdier
33:56 Chain Mail Armor
34:49 Squires
35:24 Plate Mail Armor
35:55 Chain Barding Armor
35:47 Bloodlines
36:31 Conscription
36:47 Ballistics
35:52 Capped Ram
36:50 Siege Ram
Connection lost

Rejoining the realm…

Still unreachable

The connection could not be restored.

Session expired

The server has moved on; the page needs a fresh start.